 Dungeon Crawl Stone Soup version 0.29-a0-982-gaed3a0c8d8 (webtiles) character file.

Game seed: 1932850579001518333

7 flotson the Sneak (level 1, -5/18 HPs)
             Began as a Demonspawn Delver on Aug 2, 2022.
             Slain by a mummy (17 damage)
             ... in an ossuary.
             The game lasted 00:00:45 (420 turns).

flotson the Sneak (Demonspawn Delver)                Turns: 420, Time: 00:00:46

Health: -5/18      AC:  4    Str: 12    XL:     1   Next: 83%
Magic:  1/1        EV: 12    Int: 11    God:
Gold:   19         SH:  0    Dex: 14    Spells: 0/0 levels left

rFire   + . .      SeeInvis .   a - +0 spear
rCold   . . .      Faith    .   (no shield)
rNeg    . . .      Spirit   .   j - +2 robe of Seteth {rF+}
rPois   .          Reflect  .   (no helmet)
rElec   .          Harm     .   (no cloak)
rCorr   .          Rampage  .   (no gloves)
Will    .....                   (no boots)
Stlth   +++.......              (no amulet)
HPRegen 0.06/turn               (no ring)
MPRegen 0.07/turn               (no ring)

@: no status effects
A: no striking features
a: no special abilities


You were in an ossuary.
You visited 1 branch of the dungeon, and saw 2 of its levels.
You also visited: Ossuary.

You collected 19 gold pieces.

Inventory:

Hand Weapons
 a - a +0 spear (weapon)
Armour
 j - the +2 robe of Seteth (worn) {rF+}
   (You found it on level 5 of the Dungeon)

   rF:        It protects you from fire.
Wands
 g - a wand of digging (3)
Scrolls
 c - a scroll of fog
 d - a scroll of magic mapping
 e - a scroll of fear
 h - a scroll of torment {unknown}
Potions
 i - a potion of curing {unknown}


   Skills:
 + Level 3.1 Fighting
 - Level 1.7 Polearms
 + Level 0.5 Armour
 + Level 1.9 Dodging
 - Level 4.5 Stealth
 + Level 0.4 Evocations


You couldn't memorise any spells.
You didn't know any spells.
Your spell library was empty.

Dungeon Overview and Level Annotations

Branches:
Dungeon (5/15)            Ossuary (1/1)
 Temple: D:4-7

Altars:


Message History

You destroy the orc skeleton!
The gnoll skeleton misses you.
You hit the gnoll skeleton.
The gnoll skeleton is lightly damaged.
You hit the gnoll skeleton but do no damage.
The gnoll skeleton is lightly damaged.
The gnoll skeleton closely misses you.
You hit the gnoll skeleton.
The gnoll skeleton is heavily damaged.
The gnoll skeleton closely misses you. x2
You hit the gnoll skeleton.
The gnoll skeleton is severely damaged.
You hit the mummy.
The mummy is moderately damaged.
The gnoll skeleton closely misses you.
You barely miss the mummy.
The mummy is moderately damaged.
The gnoll skeleton hits you.
You closely miss the mummy.
The mummy is moderately damaged.
The gnoll skeleton misses you. The mummy closely misses you.
You hit the mummy.
The mummy is moderately damaged.
The gnoll skeleton barely misses you.
You barely miss the mummy.
The mummy is moderately damaged.
The mummy hits you but does no damage.
The gnoll skeleton hits you but does no damage.
You closely miss the mummy.
The mummy is moderately damaged.
The mummy hits you.
You hit the mummy.
The mummy is heavily damaged.
The gnoll skeleton barely misses you.
You hit the mummy. You punch the mummy.
The mummy is almost destroyed.
The gnoll skeleton completely misses you.
The mummy hits you!
Ouch! That really hurt!
You die... #+++# #...# +...+ #...# #...# #..Z# #ZMZ#

#..@# #...#
#...# ##'''##
##.....##
####.......####
#W▓...∩.∩...▓W#
####.......####
##.....##


You could see a mummy and 3 gnoll skeletons.

Vanquished Creatures
  A hobgoblin (D:4)
  A quokka (D:5)
  4 gnoll skeletons (Ossuary)
  A kobold skeleton (Ossuary)
  An orc skeleton (Ossuary)
8 creatures vanquished.

Notes
Turn   | Place    | Note
-------+----------+-------------------------------------------
     0 | D:5      | flotson the Demonspawn Delver began the quest for the Orb.
     0 | D:5      | Reached XP level 1. HP: 18/18 MP: 1/1
    34 | D:5      | Identified the +2 robe of Seteth {rF+}
    54 | D:4      | Noticed a hound
    55 | D:4      | Found a sand-covered staircase.
    64 | Ossuary  | Entered an ossuary
    64 | Ossuary  | Noticed a wraith
    64 | Ossuary  | Noticed a wraith
    64 | Ossuary  | Noticed a wraith
   420 | Ossuary  | Slain by a mummy

Illustrated notes

Levels and vault maps discovered:
D:4:      layout_cave_pods, nicolae_ossuary_entry_ruins,
          ebering_ghost_disaster_area, nicolae_shop_self_help
D:5:      layout_rooms, zin_scriptorium, serial_undead, serial_undead_e,
          serial_undead_d, serial_undead_b, serial_undead_c, serial_undead_f,
          serial_undead_f, serial_undead_c, serial_undead_d, serial_undead_d,
          serial_undead_b, serial_shops, nicolae_stop_n_shop_2,
          uniq_blork_the_orc
Ossuary:  ossuary_due_mausoleum

Action                   || total
-------------------------++-------
Melee: Spear             ||    51
       Punch             ||     3
  Use: Potion            ||     1
 Stab: Sleeping          ||     1
Armor: Robe              ||     6
Dodge: Dodged            ||    30

Table legend: (Time is in decaauts)
 A = Elapsed time spent in this place.
 B = Non-inter-level travel time spent in this place.
 C = Inter-level travel time spent in this place.
 D = Time resting spent in this place.
 E = Time spent auto-exploring this place.
 F = Levels seen in this place.
 G = Mean time per level.
                   A        B        C        D        E       F      G
               +--------+--------+--------+--------+--------+-----+--------+
         Total |    402 |    402 |      0 |    292 |     16 |   3 |  134.0 |
       Dungeon |     63 |     63 |      0 |      0 |     15 |   2 |   31.5 |
       Ossuary |    338 |    338 |      0 |    292 |      1 |   1 |  338.0 |
               +--------+--------+--------+--------+--------+-----+--------+

Top non-repeatable levels by time:
 Ossuary: 338 daAuts
     D:5: 51 daAuts
     D:4: 12 daAuts
